PL
PORTLAND EVERGREENS @ GREENVILLE 84S
08/01/2038
 
TOP OF THE 1ST
Portland Evergreens batting - Pitching for Greenville 84s : LHP Zadock Dinkelmann
Pitching: LHP Zadock Dinkelmann
Batting: RHB Armando Rodríguez 0-0: Hit by Pitch
Batting: RHB Jeff Solís 0-0: Foul Ball, location: 2F
0-1: Fly out, F9 (Flyball, 9D, EV 106.9 MPH)
Batting: RHB Blaze Alexander 0-0: Called Strike
0-1: Hit by Pitch
Armando Rodríguez to second
Batting: SHB Billy Dotson 0-0: SINGLE (Groundball, 34D, EV 105.6 MPH)
Armando Rodríguez to third
Blaze Alexander to second
Runner from 3rd tries for Home, SAFE, no throw by RF
Batting: RHB Syed Sarkar 0-0: Ball
1-0: Called Strike
1-1: Foul Ball, location: 2F
1-2: Ball
2-2: Ball
3-2: Strikes out swinging
Batting: LHB Félix Castellanos 0-0: Ball
1-0: Foul Ball, location: 2F
1-1: SINGLE (Groundball, 6MD, EV 100.0 MPH)
Blaze Alexander to third
Billy Dotson to second
Runner from 3rd tries for Home, throw by CF and OUT! 8-2
Top of the 1st over - 1 run, 2 hits, 0 errors, 2 left on base; Portland 1 - Greenville 0
BOTTOM OF THE 1ST
Greenville 84s batting - Pitching for Portland Evergreens : RHP Giovanni Mireles
Pitching: RHP Giovanni Mireles
Batting: RHB Jesús Torres 0-0: Foul Ball, location: 2F
0-1: Ball
1-1: DOUBLE (Line Drive, 8LD, EV 103.1 MPH)
Batting: LHB Danny Trautmann 0-0: Ball
1-0: Ball
2-0: Ball
3-0: Base on Balls
Batting: SHB Shun Komatsu 0-0: Ground out U3 (Groundball, 3S, EV 63.8 MPH)
Jesús Torres to third
Danny Trautmann to second
Batting: RHB Doug Allerdale 0-0: 3-RUN HOME RUN (Line Drive, 9D, EV 107.5 MPH), Distance : 376 ft
Batting: RHB Juan Jose Ayala 0-0: Foul Ball, location: 2F
0-1: SINGLE (Groundball, 6MD, EV 106.2 MPH)
Batting: RHB Jimbob Ghostkeeper 0-0: Ball
Juan Jose Ayala steals 2nd base
1-0: Foul Ball, location: 2F
1-1: Ball
2-1: Ball
3-1: Called Strike
3-2: Foul Ball, location: 2F
3-2: Strikes out looking
Batting: SHB Shiki Sanu 0-0: Foul Ball, location: 2F
0-1: Called Strike
0-2: Ball
1-2: Reached on error, E4 (Groundball, 4, EV 105.6 MPH)
Juan Jose Ayala to third
Batting: LHB Yu Miao 0-0: Fly out, F8 (Flyball, 8RXD, EV 80.0 MPH)
Bottom of the 1st over - 3 runs, 3 hits, 1 error, 2 left on base; Portland 1 - Greenville 3
TOP OF THE 2ND
Portland Evergreens batting - Pitching for Greenville 84s : LHP Zadock Dinkelmann
Batting: RHB Bastiaan Pieterse 0-0: Foul Ball, location: 2F
0-1: Called Strike
0-2: Ball
1-2: Strikes out swinging
Batting: RHB Mei Kim 0-0: Foul Ball, location: 2F
0-1: Ball
1-1: Hit by Pitch
Batting: RHB Eugene Bowman 0-0: Called Strike
0-1: Ball
1-1: Foul Ball, location: 2F
1-2: Strikes out swinging
Mei Kim steals 2nd base
Batter strikes out.
Batting: RHB Armando Rodríguez 0-0: Ball
1-0: Called Strike
1-1: Foul Ball, location: 2F
1-2: Foul Ball, location: 2F
1-2: Ball
2-2: Strikes out swinging
Top of the 2nd over - 0 runs, 0 hits, 0 errors, 1 left on base; Portland 1 - Greenville 3
BOTTOM OF THE 2ND
Greenville 84s batting - Pitching for Portland Evergreens : RHP Giovanni Mireles
Batting: LHB Dallas Ihde 0-0: Ball
1-0: Foul Ball, location: 2F
1-1: Ball
2-1: Ball
3-1: Base on Balls
Batting: RHB Jesús Torres 0-0: Called Strike
0-1: Called Strike
Dallas Ihde is caught stealing 2nd base 2-4
0-2: Ground out 4-3 (Groundball, 34, EV 85.6 MPH)
Batting: LHB Danny Trautmann 0-0: SOLO HOME RUN (Flyball, 89XD, EV 104.4 MPH), Distance : 407 ft
Batting: SHB Shun Komatsu 0-0: Ball
1-0: Ball
2-0: Ground out 6-3 (Groundball, 6M, EV 85.6 MPH)
Bottom of the 2nd over - 1 run, 1 hit, 0 errors, 0 left on base; Portland 1 - Greenville 4
TOP OF THE 3RD
Portland Evergreens batting - Pitching for Greenville 84s : LHP Zadock Dinkelmann
Batting: RHB Jeff Solís 0-0: Called Strike
0-1: Ball
1-1: Ball
2-1: Ball
3-1: Foul Ball, location: 2F
3-2: Foul Ball, location: 2F
3-2: Ground out 5-3 (Groundball, 5S, EV 78.1 MPH)
Batting: RHB Blaze Alexander 0-0: Called Strike
0-1: Fly out, F7 (Flyball, 7D, EV 103.8 MPH)
Batting: SHB Billy Dotson 0-0: Ball
1-0: Called Strike
1-1: SINGLE (Line Drive, 4MD, EV 105.6 MPH)
Batting: RHB Syed Sarkar 0-0: Called Strike
0-1: Called Strike
0-2: Strikes out swinging
Top of the 3rd over - 0 runs, 1 hit, 0 errors, 1 left on base; Portland 1 - Greenville 4
BOTTOM OF THE 3RD
Greenville 84s batting - Pitching for Portland Evergreens : RHP Giovanni Mireles
Batting: RHB Doug Allerdale 0-0: Ball
1-0: Foul Ball, location: 2F
1-1: Foul Ball, location: 2F
1-2: DOUBLE (Groundball, 5L, EV 98.1 MPH)
Batting: RHB Juan Jose Ayala 0-0: Called Strike
0-1: Ball
1-1: Foul Ball, location: 2F
1-2: Foul Ball, location: 2F
1-2: Ball
2-2: Ball
3-2: SINGLE (Flyball, 78S, EV 88.1 MPH)
Doug Allerdale to third
Batting: RHB Jimbob Ghostkeeper 0-0: Foul Ball, location: 2F
0-1: Ball
1-1: Ball
2-1: SINGLE (Line Drive, 89S, EV 110.6 MPH)
Doug Allerdale scores
Juan Jose Ayala to second
Batting: SHB Shiki Sanu 0-0: Ball
1-0: Grounds into double play, 4-6-3 (Groundball, 4, EV 87.5 MPH)
Juan Jose Ayala to third
Batting: LHB Yu Miao 0-0: Ground out U3 (Groundball, 34, EV 105.6 MPH)
Bottom of the 3rd over - 1 run, 3 hits, 0 errors, 1 left on base; Portland 1 - Greenville 5
TOP OF THE 4TH
Portland Evergreens batting - Pitching for Greenville 84s : LHP Zadock Dinkelmann
Batting: LHB Félix Castellanos 0-0: Swinging Strike
0-1: Ball
1-1: Ground out 6-3 (Groundball, 6, EV 80.0 MPH)
Batting: RHB Bastiaan Pieterse 0-0: Called Strike
0-1: SINGLE (Groundball, 56D, EV 110.0 MPH)
Batting: RHB Mei Kim 0-0: Ball
1-0: Ball
2-0: Ball
3-0: Base on Balls
Bastiaan Pieterse to second
Batting: RHB Eugene Bowman 0-0: Swinging Strike
0-1: Swinging Strike
0-2: Strikes out swinging
Batting: RHB Armando Rodríguez 0-0: Ball
1-0: Ground out 5-3 (Groundball, 56S, EV 82.5 MPH)
Top of the 4th over - 0 runs, 1 hit, 0 errors, 2 left on base; Portland 1 - Greenville 5
BOTTOM OF THE 4TH
Greenville 84s batting - Pitching for Portland Evergreens : RHP Giovanni Mireles
Batting: LHB Dallas Ihde 0-0: Called Strike
0-1: Ball
1-1: Called Strike
1-2: Fly out, F5 (Popup, 56, EV 60.0 MPH)
Batting: RHB Jesús Torres 0-0: Fly out, F8 (Line Drive, 8RD, EV 94.4 MPH)
Batting: LHB Danny Trautmann 0-0: Ball
1-0: Foul Ball, location: 2F
1-1: Called Strike
1-2: DOUBLE (Groundball, 3L, EV 105.6 MPH)
Batting: SHB Shun Komatsu 0-0: Ball
1-0: Swinging Strike
1-1: Foul Ball, location: 2F
1-2: Ball
2-2: Ball
3-2: Strikes out swinging
Bottom of the 4th over - 0 runs, 1 hit, 0 errors, 1 left on base; Portland 1 - Greenville 5
TOP OF THE 5TH
Portland Evergreens batting - Pitching for Greenville 84s : LHP Zadock Dinkelmann
Batting: RHB Jeff Solís 0-0: Called Strike
0-1: Swinging Strike
0-2: Strikes out swinging
Batting: RHB Blaze Alexander 0-0: Ball
1-0: Foul Ball, location: 2F
1-1: Ball
2-1: Foul Ball, location: 2F
2-2: Fly out, F8 (Flyball, 8RM, EV 72.5 MPH)
Batting: SHB Billy Dotson 0-0: Ball
1-0: SOLO HOME RUN (Flyball, 78XD, EV 100.0 MPH), Distance : 427 ft
Batting: RHB Syed Sarkar 0-0: Ball
1-0: Ball
2-0: Foul Ball, location: 2F
2-1: SINGLE (Line Drive, 78M, EV 101.9 MPH)
Batting: LHB Félix Castellanos 0-0: Called Strike
0-1: Swinging Strike
0-2: Ball
1-2: Foul Ball, location: 2F
1-2: Ground out 4-3 (Groundball, 4S, EV 84.4 MPH)
Top of the 5th over - 1 run, 2 hits, 0 errors, 1 left on base; Portland 2 - Greenville 5
BOTTOM OF THE 5TH
Greenville 84s batting - Pitching for Portland Evergreens : RHP Giovanni Mireles
Batting: RHB Doug Allerdale 0-0: Fly out, F8 (Line Drive, 8RM, EV 95.6 MPH)
Batting: RHB Juan Jose Ayala 0-0: Ball
1-0: Foul Ball, location: 2F
1-1: Foul Ball, location: 2F
1-2: Ball
2-2: Ground out 6-3 (Groundball, 6, EV 98.8 MPH)
Batting: RHB Jimbob Ghostkeeper 0-0: SINGLE (Flyball, 89S, EV 88.8 MPH)
Batting: SHB Shiki Sanu 0-0: Ball
1-0: Called Strike
1-1: Swinging Strike
1-2: Ball
2-2: Fly out, F9 (Flyball, 89S, EV 93.1 MPH)
Bottom of the 5th over - 0 runs, 1 hit, 0 errors, 1 left on base; Portland 2 - Greenville 5
TOP OF THE 6TH
Portland Evergreens batting - Pitching for Greenville 84s : LHP Zadock Dinkelmann
Batting: RHB Bastiaan Pieterse 0-0: Ball
1-0: Ball
2-0: Foul Ball, location: 2F
2-1: Ball
3-1: Base on Balls
Pitching: RHP Santiago Alonza
Batting: RHB Mei Kim 0-0: Bunted foul
0-1: Sac Bunt to 2R - play at first, batter OUT! 2-4
Bastiaan Pieterse to second
Batting: RHB Eugene Bowman 0-0: Fly out, F7 (Flyball, 7S, EV 75.0 MPH)
Batting: RHB Armando Rodríguez 0-0: Ball
1-0: Called Strike
1-1: Ground out 6-3 (Groundball, 6, EV 82.5 MPH)
Top of the 6th over - 0 runs, 0 hits, 0 errors, 1 left on base; Portland 2 - Greenville 5
BOTTOM OF THE 6TH
Greenville 84s batting - Pitching for Portland Evergreens : RHP Giovanni Mireles
Pitching: RHP Mark Zaugg
Batting: LHB Yu Miao 0-0: Called Strike
0-1: Called Strike
0-2: Foul Ball, location: 2F
0-2: Ball
1-2: Ball
2-2: Strikes out swinging
Batting: LHB Dallas Ihde 0-0: Ball
1-0: Ball
2-0: Foul Ball, location: 2F
2-1: Ball
3-1: Base on Balls
Batting: RHB Jesús Torres 0-0: Foul Ball, location: 2F
0-1: Ball
1-1: Ball
2-1: Called Strike
2-2: Foul Ball, location: 2F
2-2: Fielders Choice at 2nd, 5-4 (Groundball, 5, EV 86.9 MPH)
Batting: LHB Danny Trautmann 0-0: Fly out, F7 (Flyball, 7S, EV 81.9 MPH)
Bottom of the 6th over - 0 runs, 0 hits, 0 errors, 1 left on base; Portland 2 - Greenville 5
TOP OF THE 7TH
Portland Evergreens batting - Pitching for Greenville 84s : RHP Santiago Alonza
Pitching: RHP Sima Babic
Batting: RHB Jeff Solís 0-0: Ball
1-0: Swinging Strike
1-1: Fly out, F9 (Flyball, 9D, EV 96.9 MPH)
Batting: RHB Blaze Alexander 0-0: Called Strike
0-1: Called Strike
0-2: Ball
1-2: Ball
2-2: Foul Ball, location: 2F
2-2: Strikes out swinging
Batting: SHB Billy Dotson 0-0: Ball
1-0: Swinging Strike
1-1: Ball
2-1: Swinging Strike
2-2: Ground out 4-3 (Groundball, 34D, EV 105.6 MPH)
Top of the 7th over - 0 runs, 0 hits, 0 errors, 0 left on base; Portland 2 - Greenville 5
BOTTOM OF THE 7TH
Greenville 84s batting - Pitching for Portland Evergreens : RHP Mark Zaugg
Batting: SHB Shun Komatsu 0-0: Ball
1-0: Fly out, F9 (Flyball, 9S, EV 86.2 MPH)
Batting: RHB Doug Allerdale 0-0: Ball
1-0: Ball
2-0: Called Strike
2-1: Fly out, F3 (Popup, 3SF, EV 87.5 MPH)
Batting: RHB Juan Jose Ayala 0-0: Ball
1-0: Ball
2-0: Called Strike
2-1: Ball
3-1: Called Strike
3-2: SINGLE (Groundball, 34D, EV 103.1 MPH)
Pitching: RHP Branlyn Jaraba
Batting: RHB Jimbob Ghostkeeper 0-0: Called Strike
0-1: Ball
1-1: Foul Ball, location: 2F
1-2: Foul Ball, location: 2F
1-2: Ball
2-2: Fielders Choice at 2nd, 6-4 (Groundball, 6, EV 93.1 MPH)
Bottom of the 7th over - 0 runs, 1 hit, 0 errors, 1 left on base; Portland 2 - Greenville 5
TOP OF THE 8TH
Portland Evergreens batting - Pitching for Greenville 84s : RHP Sima Babic
Batting: RHB Syed Sarkar 0-0: Hit by Pitch
Batting: LHB Félix Castellanos 0-0: Swinging Strike
0-1: Ball
1-1: Called Strike
1-2: Ball
2-2: Foul Ball, location: 2F
2-2: Ball
3-2: Foul Ball, location: 2F
3-2: Base on Balls
Syed Sarkar to second
Batting: RHB Bastiaan Pieterse 0-0: Called Strike
0-1: Called Strike
0-2: Ball
1-2: Grounds into double play, 4-6-3 (Groundball, 4, EV 83.8 MPH)
Syed Sarkar to third
Batting: RHB Mei Kim 0-0: Ball
1-0: Swinging Strike
1-1: Swinging Strike
1-2: Ball
2-2: Foul Ball, location: 2F
2-2: Foul Ball, location: 2F
2-2: Strikes out swinging
Top of the 8th over - 0 runs, 0 hits, 0 errors, 1 left on base; Portland 2 - Greenville 5
BOTTOM OF THE 8TH
Greenville 84s batting - Pitching for Portland Evergreens : RHP Branlyn Jaraba
Pitching: LHP Raúl Romero
Batting: SHB Shiki Sanu 0-0: Foul Ball, location: 2F
0-1: Ball
1-1: Fly out, F8 (Flyball, 8RXD, EV 95.6 MPH)
Batting: LHB Yu Miao 0-0: Ball
1-0: Swinging Strike
1-1: Ball
2-1: Foul Ball, location: 2F
2-2: Ground out 1-3 (Groundball, 34S, EV 70.6 MPH)
Batting: LHB Dallas Ihde 0-0: Ball
1-0: Ball
2-0: Ground out 4-3 (Groundball, 34D, EV 84.4 MPH)
Bottom of the 8th over - 0 runs, 0 hits, 0 errors, 0 left on base; Portland 2 - Greenville 5
TOP OF THE 9TH
Portland Evergreens batting - Pitching for Greenville 84s : RHP Sima Babic
Batting: RHB Eugene Bowman 0-0: Ball
1-0: Called Strike
1-1: Ball
2-1: Ball
3-1: Base on Balls
Pitching: RHP Gunnar Hoglund
Batting: RHB Armando Rodríguez 0-0: Ball
1-0: Foul Ball, location: 2F
1-1: Fielders Choice at 2nd, 4-6 (Groundball, 4, EV 80.0 MPH)
Batting: RHB Jeff Solís 0-0: Ball
1-0: Foul Ball, location: 2F
1-1: Foul Ball, location: 2F
1-2: Strikes out swinging
Batting: RHB Blaze Alexander 0-0: Ball
1-0: Ball
2-0: Ball
3-0: Called Strike
3-1: Ground out 6-3 (Groundball, 6D, EV 81.9 MPH)
Top of the 9th over - 0 runs, 0 hits, 0 errors, 1 left on base; Portland 2 - Greenville 5
Friday, April 17th, 2020 - OOTP Baseball 20.8 Build 74